[Event "Berliner Einzelmeisterschaft 2002"]
[Site "Berlin"]
[Date "2022.04.21"]
[Round "7.1"]
[White "Florstedt, Johannes"]
[Black "Lagunow, Raphael"]
[Result "0-1"]
[ECO "C47"]
[WhiteElo "2316"]
[BlackElo "2385"]
[Annotator "TheRocket"]
[PlyCount "122"]
[EventDate "2022.??.??"]
[EventCountry "GER"]
[SourceTitle "SV Mattnetz Berlin e.V."]
[SourceDate "2022.04.23"]
[SourceVersion "1"]
[SourceVersionDate "2022.04.23"]
[SourceQuality "1"]
[TimeControl "40/5400+30:1800+30"]

1. e4 e5 2. Nf3 Nc6 3. Nc3 Nf6 4. d4 exd4 5. Nxd4 Bb4 6. Nxc6 bxc6 7. Bd3 d5 8.
exd5 cxd5 9. O-O O-O 10. h3 {[%emt 0:00:08] C47: Scotch Four Knights and Four
Knights with 4 g3.} Rb8 11.
Qf3 Rb6 $1 {[%emt 0:04:49][%mdl 4] is now more promising than
11...c6.} 12. a3 {[%emt 0:06:33] The position is equal.} Be7 13. Na4 Re6 14. Bf5 Ra6 {
[%emt 0:02:39] [#]} 15. Bxc8 $146 ({Predecessor:} 15. b3 Bxf5
16. Qxf5 Qd7 17. Qxd7 Nxd7 18. Bb2 Rc6 19. Rad1 Rxc2 20. Rxd5 Nb6 21. Nxb6 axb6
{0-1 (38) Goryachkina,A (2518)-Ju,W (2575) St Petersburg 2018}) 15... Qxc8 16. Nc3 Qb7 17. Re1 (17. Rd1 $5 ) 17... Re6 18. Rxe6 fxe6 19. Qe2 Kh8 20. Qb5 (20. Qxe6 {is more complex.} Bc5 21. Qe2 Ne4 22.
Nxe4 dxe4 23. Be3) 20... Rb8 21. Qxb7 Rxb7 22. Na4 Nd7 23. Bf4 Bd6 24. Bxd6 cxd6 $11 {[%emt 0:00:06]
[%mdl 4096] Endgame KRN-KRN} 25. Re1 e5 26.
Rd1 Nf6 27. Rd3 (27. c4 $11)
27... Rc7 (27... Kg8 $15) 28. Rc3 Ne8 29. Kf1 Kg8 30. Ke2 Kf7 31. Kd3 Ke6 32.
Rxc7 Nxc7 {[%emt 0:00:01] KN-KN} 33. Nc3 Kd7 34. g3 Kc6 35. f4 Ne6 36. fxe5 $1 dxe5 37. Ne2 (37. b4 $1 $11 {and White stays safe.}) 37... Nc5+ $19 38. Kc3 Ne4+ 39. Kb4 Kb6 (39... Nf2 $1 $19 40. Ng1 Nd1) 40. a4 (40. h4 $142) 40... a5+ $17 41. Kb3 Kc5 42. c3 g5 $1 43. h4 (43. Kc2 $17) 43... g4 $1
$19 {[%emt 0:02:55] White must now prevent ...d4.} 44. Kc2 h5 45. Kd3 {[%emt 0:00:00] [#]} (45. b3 $142) 45... Nd6 $1 46. Nc1 $2 {[%emt 0:00:00] [#]} (46. Kd2 {was called for.})
46... Nf5 $1 ({Worse is} 46... e4+ 47. Ke2 $15) 47. Ne2 e4+ 48. Kd2 Kc4 49. Ke1 (49. Kc1 $142 Kb3 50. Kb1) 49... Kb3 50. Nf4 Kxb2 51. Nxd5 Kb3 52. Nf6 Nxg3 53. Kf2 Nf5 54. Nxh5 Kxa4 {[%emt 0:00:31] ( -> ...Kb3)} 55. Nf6 e3+ {[%emt 0:00:05]
Black mates.} 56. Ke2 g3 57. Kf3 Kb3 58. Ne4 a4 59. h5 a3 60. Nxg3 Nxg3 61. h6 {[%emt 0:00:04] [#]} Ne4 $1 {
[%emt 0:00:20][%mdl 512] Weighted Error Value: White=0.48/Black=0.04 (flawless)
} 0-1

[Event "Berliner Einzelmeisterschaft 2002"]
[Site "Berlin"]
[Date "2022.04.21"]
[Round "7.2"]
[White "Piz, Maxim"]
[Black "Stern, Rene"]
[Result "0-1"]
[ECO "C68"]
[WhiteElo "2143"]
[BlackElo "2510"]
[Annotator "TheRocket"]
[PlyCount "66"]
[EventDate "2022.??.??"]
[EventCountry "GER"]
[SourceTitle "SV Mattnetz Berlin e.V."]
[SourceDate "2022.04.23"]
[SourceVersion "1"]
[SourceVersionDate "2022.04.23"]
[SourceQuality "1"]
[TimeControl "40/5400+30:1800+30"]

1. e4 e5 2. Nf3 Nc6 3. Bb5 a6 4. Bxc6 dxc6 5. d3 Bd6 6. Nbd2 f6 {[%emt 0:02:36] C68:
Ruy Lopez: Exchange Variation, sidelines.} 7. Nc4 Be6 8. Nxd6+ cxd6 {[%emt 0:00:25] Black has an
edge.} 9. O-O Ne7 {[%emt 0:03:44] [#]} 10. Ne1 $146 ({Predecessor:} 10. d4 O-O 11. h3 Qc7 {½-½ (11) Damjanovic,M-Medina
Garcia,A Solingen 1968}) 10... Ng6 11. Be3 O-O 12. d4 {[%emt 0:00:18] [#]} Bc4 $1 {[%emt 0:12:46]
Threatens to win with ...d5.} 13. Nd3 d5 14.
exd5 exd4 ({Of course not} 14... Qxd5 $6 15.
b3 Bxd3 16. Qxd3 $11) (14... Bxd5 $6 15. dxe5 fxe5 16. f3 $11) 15. Bxd4 Qxd5 16. Be3 Rad8 $40 {
[%emt 0:02:53][%cal Ba8d8,Bd8d7,Bd7d5][%mdl 160] Black attacks with force.} (
16... Bxa2 $2 17. b3 $18) 17. Bb6 Rd7 18. Qg4 (18. b3 $17 Bxd3 19. Qxd3) 18... f5 19. Qg5 Bxd3 20. cxd3 Qb5 21. Be3 Rd5 {[%emt 0:09:30] Hoping for ...f4. &Nero
is more active.} ({Weaker is} 21... Qxb2 22. Bc5 Qf6 23. Qg3 $17) 22. f4 Rxd3 23. Bf2 (23. Rae1 $142)
23... Rf6 $19 ({Avoid the trap} 23... Qxb2 $2 24. Rab1 Qc2 25.
a3) 24. g3 Qxb2 25. Rab1 Qxa2 26. Rxb7 h6 27. Qh5 {
[%emt 0:00:07] [#]} Qd5 $1 {[%emt 0:00:39] ...Kh7 is the strong threat.} 28.
Rb8+ (28. Re1 $142) 28... Kh7 {[%emt 0:00:07][%cal Og6f4]
Strongly threatening ...Nxf4! Black is clearly winning.} 29. Qe2 (29. Rb2 $142 c5 30. Re1) 29... Re6 30. Qb2 {[%emt 0:03:
16] [#]} Nxf4 $1 31. Rh8+ (31. gxf4 Rd2) 31... Kxh8 32. Qb8+ Kh7 33. Qxf4 Rd1 {
[%emt 0:00:18] Black took control after the opening. Weighted Error Value:
White=0.73/Black=0.03 (flawless)} 0-1

[Event "Berliner Einzelmeisterschaft 2002"]
[Site "Berlin"]
[Date "2022.04.21"]
[Round "7.3"]
[White "Mirzoev, Emil"]
[Black "Ermitsch, Magnus"]
[Result "1-0"]
[ECO "B22"]
[WhiteElo "2460"]
[BlackElo "2127"]
[Annotator "TheRocket"]
[PlyCount "75"]
[EventDate "2022.??.??"]
[EventCountry "GER"]
[SourceTitle "SV Mattnetz Berlin e.V."]
[SourceDate "2022.04.23"]
[SourceVersion "1"]
[SourceVersionDate "2022.04.23"]
[SourceQuality "1"]
[TimeControl "40/5400+30:1800+30"]

1. e4 c5 2. Nf3 e6 3. c3 Nf6 4. e5 Nd5 5. Bc4 d6 6. d4 cxd4 7. cxd4 Be7 8. O-O {[%emt 0:00:09] B22:
Sicilian: 2 c3.} O-O 9. Qe2 b6 10. Rd1 {[%emt 0:01:08] The position is equal.} Bb7 11.
Bxd5 exd5 12. Nc3 Na6 13. e6 {[%emt 0:00:54] [#]} h6 $146 ({
Predecessor:} 13... Nc7 14. exf7+ Rxf7 15. b4 h6 16. a4 Bc8 17. Ne1 Be6 18. Be3
Qd7 19. Rdc1 a6 {1-0 (51) Karpatchev,A (2489)-Groetzbach,J (2184) Lueneburg
2016}) 14. exf7+ Rxf7 15. Be3 Nc7 16. b4 Bc8 17. Ne1 Be6 18. Nd3 Bg5 19. b5 Qf6 20. Qd2 Raf8 21. f3 Qg6 {[%emt 0:05:31] [#] White must
now prevent ...Bxe3+.} 22. Bxg5 hxg5 23. Rf1 g4 24. fxg4 Qxg4 25. Rxf7 Rxf7 26. Qe3 Bd7 27. a4 Ne6 28. Ne2 Re7 29. h3 Qg6 30. Nb4 Re8 31. Nxd5 Kh7 32. Qf2 Qe4 (32... Qg5 $16) 33. Ndc3
$36 {[%emt 0:00:26][%mdl 2048] White has strong initiative.} Qd3 (33... Qg6 $142 34. a5 Qg5 35. axb6 axb6) 34. Rf1 Qg6 35. Nd5 Kg8 (35... Qg5 $142)
36. Qh4 {[%emt 0:00:34] [#] Threatens to win with Ne7+.} Ng5 $2 (36... Qg5 {was called for.} 37. Qxg5 Nxg5) 37. Nef4 {[%emt 0:01:28] Pair of
Knights!} Qf5 38. Qh5 {[%emt 0:01:44] Weighted Error Value:
White=0.09 (flawless) /Black=0.26 (precise)} ({Don't play} 38. g4 Nxh3+ 39.
Qxh3 Qxg4+ 40. Qxg4 Bxg4 $18) 1-0

[Event "Berliner Einzelmeisterschaft 2002"]
[Site "Berlin"]
[Date "2022.04.21"]
[Round "7.4"]
[White "Hesse, Henrik"]
[Black "Nogly, Christoph"]
[Result "0-1"]
[ECO "D35"]
[WhiteElo "2191"]
[BlackElo "2245"]
[Annotator "TheRocket"]
[PlyCount "134"]
[EventDate "2022.??.??"]
[EventCountry "GER"]
[SourceTitle "SV Mattnetz Berlin e.V."]
[SourceDate "2022.04.23"]
[SourceVersion "1"]
[SourceVersionDate "2022.04.23"]
[SourceQuality "1"]
[TimeControl "40/5400+30:1800+30"]

1. c4 e6 2. Nc3 d5 3. d4 Nf6 4. cxd5 exd5 5. Bg5 Be7 6. e3 h6 7. Bh4 O-O 8. Bd3 Re8 9. Nge2 c6 10. O-O Nh5 11. Bxe7 Qxe7 12. Qd2 Nd7 13. Rae1 Qg5 14. Nf4 Nf8 15. Nxh5 Qxh5 16. f3 Qg5 17. Qf2 Ne6 18. b4 b5 19. a4 a6 20. Ra1 Bd7 21. Rfe1 Qf6 22. a5 Re7 23. e4 dxe4 24. Nxe4 Qxd4 25. Qxd4 Nxd4 26. Nc5 Rxe1+ 27. Rxe1 Bf5 28. Bxf5 Nxf5 29. Re4 Ra7 30. Re8+ Kh7 31. Rb8 Nd4 32. Rb6 Re7 33. Nxa6 Re1+ 34. Kf2 Re2+ 35. Kg3 g5 36. Nb8 Nf5+ 37. Kh3 Ne3 38. f4 g4+ 39. Kh4 Rxg2 40. Rxc6 Nf5+ 41. Kh5 Ne3 42. Kh4 Rxh2+ 43. Kg3 Rg2+ 44. Kh4 Nf5+ 45. Kh5 Ng7+ 46. Kh4 Nf5+ 47. Kh5 g3 48. Kg4 Rh2 49. Rc1 g2 50. Rg1 Rh1 51. Rxg2 Ne3+ 52. Kf3 Nxg2 53. Kxg2 Ra1 54. Nc6 Ra3 55. Nd4 Ra4 56. Nc6 Kg6 57. Kf3 h5 58. Ne7+ Kf6 59. Nd5+ Kf5 60. Kg3 Ra3+ 61. Kh4 Rd3 62. Nc7 Kxf4 63. Nxb5 Rd1 64. Kxh5 Rd5+ 65. Kh6 Rxb5 66. a6 Rxb4 67. a7 Ra4 0-1

[Event "Berliner Einzelmeisterschaft 2002"]
[Site "Berlin"]
[Date "2022.04.21"]
[Round "7.5"]
[White "Glek, Igor"]
[Black "Rietze, Clemens"]
[Result "1-0"]
[ECO "B10"]
[WhiteElo "2476"]
[BlackElo "2279"]
[Annotator "TheRocket"]
[PlyCount "79"]
[EventDate "2022.??.??"]
[EventCountry "GER"]
[SourceTitle "SV Mattnetz Berlin e.V."]
[SourceDate "2022.04.23"]
[SourceVersion "1"]
[SourceVersionDate "2022.04.23"]
[SourceQuality "1"]
[TimeControl "40/5400+30:1800+30"]

1. e4 c6 2. d3 d5 3. Nd2 e5 4. Ngf3 Bd6 5. g3 Nf6 6. Bg2 O-O 7. O-O Nbd7 8. b3 Re8 {[%emt 0:00:32] B10: Caro-Kann: 2
d3 and 2 c4.} 9. Bb2 a5 10. a3 b6 (10... dxe4 $11 11. Nxe4 Nxe4 12. dxe4 Qe7) 11. Re1
$14 Bb7 12. Nh4 (12. d4 $14)
12... Bf8 $11 {[%emt 0:15:04] [#]} 13. exd5 $146 ({
Predecessor:} 13. Nf5 g6 14. Ne3 Rb8 15. a4 Bg7 16. Qe2 Qc7 17. h4 Rbd8 18.
Rad1 Nc5 19. Kh2 {0-1 (44) Nakamura,H (2736)-Svane,R (2613) Chess.com INT 2021}
) 13... Nxd5 14. Nc4 Qc7 15. d4 exd4 16. Qxd4 N5f6 (16... b5 $11) 17. Nf5 $14 c5 18. Qf4 Qxf4 19.
gxf4 Bxg2 20. Kxg2 b5 21. Ncd6 Rxe1 22. Rxe1 Nd5 {[%emt 0:00:02] [#]} 23. Kf3 $1 {[%emt 0:01:38][%cal Of5h6]
Threatens to win with Nh6+! 0x0.0017ad110bf2dp-1022s more active pieces.} ({
But not} 23. Nxb5 Nxf4+ 24. Kg3 Ne6 $14) 23... Bxd6 24. Nxd6 a4 25. Nxb5 f6 26. Rd1 N5b6 27. Rd6 Kf7 28. Rc6 Ke7 29. Nd6 ({Better is} 29. Bc1 $18) 29... Rb8 $2 {[%emt 0:03:05] [#]
This move loses the game for Black.} (29... axb3 $16 30. cxb3 Rb8) 30. b4 $1
$18 cxb4 31. axb4 Nd5 32. c3 Kd8 33. b5 Ra8 $2 (33... N7b6 {
was called for.} 34. Ba3 (34. c4 Nb4 $11) 34... Ne7) 34. Ba3 Nb8 $2 (34... Rb8 35. c4 Nc7) 35. Rc8+ Kd7 36. c4 Ne7 37. Rh8 h6 38. f5 Kc7 39.
Ke4 Kb6 40. Re8 {[%emt 0:00:20] Weighted
Error Value: White=0.11 (very precise) /Black=0.49} 1-0

[Event "Berliner Einzelmeisterschaft 2002"]
[Site "Berlin"]
[Date "2022.04.21"]
[Round "7.6"]
[White "Meyer-Dunker, Paul"]
[Black "Niehaus, Frank"]
[Result "1/2-1/2"]
[ECO "B75"]
[WhiteElo "2082"]
[BlackElo "2045"]
[Annotator "TheRocket"]
[PlyCount "118"]
[EventDate "2022.??.??"]
[EventCountry "GER"]
[SourceTitle "SV Mattnetz Berlin e.V."]
[SourceDate "2022.04.23"]
[SourceVersion "1"]
[SourceVersionDate "2022.04.23"]
[SourceQuality "1"]
[TimeControl "40/5400+30:1800+30"]

1. e4 c5 2. Nf3 d6 3. d4 cxd4 4. Nxd4 Nf6 5. Nc3 g6 6. Be3 Bg7 7. f3 $14 a6 8. Qd2 h5 9. Bc4 b5 10. Bd5 Nxd5 11. Nxd5 Bb7 12. O-O-O Nd7 13. Bg5 Bxd5 14. exd5 Qb6 15. Rhe1 Nf6 16. Nc6 O-O 17. Nxe7+ Kh7 18. g4 hxg4 19. fxg4 Rae8 20. Re3 Rxe7 21. Rxe7 Qc5 22. Re3 Nxg4 23. Rh3+ Kg8 24. Be3 Nxe3 25. b4 Qc4 26. Qxe3 Qxa2 27. Qa3 Bh6+ 28. Rd2 Qxa3+ 29. Rxa3 Re8 30. Kd1 Bxd2 31.
Kxd2 Re5 32. Rxa6 Rxd5+ 33. Ke3 Kf8 34. Ke4 Rd2 35. c3 Ke7 36.
Rb6 Rxh2 37. Rxb5 f5+ 38. Ke3 Ke6 39. c4 Rh3+ 40. Kd4 Rh4+ 41. Kd3 g5 42. Rb6 g4 43. c5 g3 44. Rxd6+ Kf7 45. Rd7+ Kf6 46.
Rd6+ Kg5 47. Rd8 Rg4 48. Rg8+ Kf4 49. Rxg4+ Kxg4 50. Ke2 Kh3 51. c6 g2 52. c7 g1=Q 53. c8=Q Qg4+ 54. Kf2 Qf4+ 55. Ke2 Qe4+ 56. Kf2 Qf4+ 57. Ke2 Qxb4 58. Qxf5+ Qg4+ 59.
Qxg4+ Kxg4 1/2-1/2

[Event "Berliner Einzelmeisterschaft 2002"]
[Site "Berlin"]
[Date "2022.04.21"]
[Round "7.8"]
[White "Acikel, Mert"]
[Black "Brustkern, Juergen"]
[Result "1-0"]
[ECO "B31"]
[WhiteElo "2177"]
[BlackElo "2226"]
[Annotator "TheRocket"]
[PlyCount "69"]
[EventDate "2022.??.??"]
[EventCountry "GER"]
[SourceTitle "SV Mattnetz Berlin e.V."]
[SourceDate "2022.04.23"]
[SourceVersion "1"]
[SourceVersionDate "2022.04.23"]
[SourceQuality "1"]
[TimeControl "40/5400+30:1800+30"]

1. e4 c5 2. Nf3 Nc6 3. Bb5 g6 4. O-O Bg7 5. Nc3 Nh6 6. Re1 O-O 7. h3 a6 8. Bxc6 bxc6 9. d3 d6 10. Be3 f5 11. Qd2 fxe4 12. dxe4 Nf7 13. Bf4 e5 14. Be3 h6 15. Qd3 Be6 16. b3 Qe7 17. Rad1 Rfd8 18. Na4 a5 19. Nd2 Bf8 20. Nc4 Qc7 21. f4 d5 22. exd5 Bf5 23.
d6 Bxd6 24. Qe2 exf4 25. Nxd6 fxe3 26. Nxf5 gxf5 27. Qxe3 c4 28. Rxd8+ Rxd8 29. Nc5 f4 30. Qf2 Rd5 31. Ne6 Qd6 32. Qh4 cxb3 33. axb3 Ng5 34. Qxh6 Nxe6 35. Rxe6 1-0

[Event "Berliner Einzelmeisterschaft 2002"]
[Site "Berlin"]
[Date "2022.04.22"]
[Round "8.1"]
[White "Stern, Rene"]
[Black "Florstedt, Johannes"]
[Result "0-1"]
[ECO "C47"]
[WhiteElo "2510"]
[BlackElo "2316"]
[Annotator "TheRocket"]
[PlyCount "104"]
[EventDate "2022.??.??"]
[EventCountry "GER"]
[SourceTitle "SV Mattnetz Berlin e.V."]
[SourceDate "2022.04.23"]
[SourceVersion "1"]
[SourceVersionDate "2022.04.23"]
[SourceQuality "1"]
[TimeControl "40/5400+30:1800+30"]

1. Nf3 Nf6 2. c4 g6 3. Nc3 Bg7 4. e4 e5 5. Nxe5 O-O 6. Nf3 Re8 7. d3 d5 8.
cxd5 Nxd5 9. Bd2 Bg4 10. Be2 Bxf3 11. gxf3 Nb4 12. Be3 N8c6 13. a3 Na6 14. h4
Nd4 15. h5 Nc5 16. hxg6 hxg6 17. f4 Qd6 18. e5 Qc6 19. Rh3 Rad8 20. Kf1 Nxe2
21. Qxe2 Rxd3 22. Rd1 Red8 23. Bxc5 Rxd1+ 24. Nxd1 Qxc5 25. Nc3 Qc6 26. Kg1 Rd4
27. Qe3 Qd7 28. Rg3 c5 29. Ne4 Qd5 30. Nc3 Qc4 31. f5 gxf5 32. Ne2 f4 33. Rxg7+
Kxg7 34. Qf3 Rd1+ 35. Kh2 Qd5 36. Qg4+ Kf8 37. Qc8+ Ke7 38. Qc7+ Ke8 39. Qc8+
Ke7 40. Qc7+ Kf8 41. Qc8+ Qd8 42. Qxc5+ Kg7 43. Nxf4 Qh8+ 44. Kg3 Qh1 45. Ne6+
Kh7 46. Kf4 Qh2+ 47. Kf3 Qh5+ 48. Kg2 Qg4+ 49. Kh2 Qg1+ 50. Kh3 Rd3+ 51. Kh4
Qh2+ 52. Kg4 Qh3+ 0-1

[Event "Berliner Einzelmeisterschaft 2002"]
[Site "Berlin"]
[Date "2022.04.22"]
[Round "8.2"]
[White "Nogly, Christoph"]
[Black "Lagunow, Raphael"]
[Result "0-1"]
[ECO "E70"]
[WhiteElo "2245"]
[BlackElo "2385"]
[Annotator "TheRocket"]
[PlyCount "114"]
[EventDate "2022.??.??"]
[EventCountry "GER"]
[SourceTitle "SV Mattnetz Berlin e.V."]
[SourceDate "2022.04.23"]
[SourceVersion "1"]
[SourceVersionDate "2022.04.23"]
[SourceQuality "1"]
[TimeControl "40/5400+30:1800+30"]

1. d4 Nf6 2. c4 g6 3. Nc3 Bg7 4. e4
d6 5. Bd3 O-O 6. Nge2 Nc6 7. O-O e5 8. d5 Nd4 9. Nxd4 exd4 10. Ne2 Nd7 11. f3 c5 12. Bd2 b5 13. b3 Ne5 14. Qc2 Re8 15. Rae1 bxc4 16. bxc4 Bd7 17. Rb1 Qc7 18. Ng3 h5 19. Nh1 Qc8 20. Nf2 Qa6 21. Be2 Rab8 22. f4 Rxb1 23. Rxb1 d3 24. Bxd3 Nxd3 25. Nxd3 Ba4 26. Qc1 Rxe4 27. f5 Qxc4 28. Qxc4 Rxc4 29. Rb8+ Kh7 30. fxg6+ Kxg6 31. Nf4+ Kf5 32. Rb7 Be5 33.
Rxf7+ Ke4 34. Nxh5 Rc2 35. Bf4 Bd4+ 36. Kh1 Kxd5 37. h4 Be8 38. Rf5+ Ke4 39. Ng3+ Kd3 40. Rg5 Bc6 41. Nf5 Rf2 42. Bxd6 Bf6 43. Rg3+ Ke2 44. Ne3 Bxh4 45. Rg4 Kxe3 46. Bxc5+ Ke2 47. Bxf2 Bxf2 48. Kh2 Kd3 49. Rg6 Bd5 50. g4 Bxa2 51. Rd6+ Bd4 52. Kg2 Bc4 53. g5 a5 54. g6 a4 55. g7 a3 56. Ra6 a2 57. Ra4 a1=Q 0-1